 Dungeon Crawl Stone Soup version 0.26.1-2-gb8aa6d0cf2 (webtiles) character file.

Game seed: 14420035562868390309

186 phalm the Twirler (level 5, -4/32 HPs)
             Began as a Gargoyle Gladiator on Mar 5, 2021.
             Slain by an orc warrior
             ... wielding a +0 dire flail
              (12 damage)
             ... on level 3 of the Dungeon.
             The game lasted 00:03:54 (2185 turns).

phalm the Twirler (Gargoyle Gladiator)              Turns: 2185, Time: 00:03:55

Health: -4/32      AC: 13    Str: 19    XL:     5   Next: 65%
Magic:  5/5        EV:  8    Int:  8    God:
Gold:   142        SH:  0    Dex: 11    Spells: 4/4 levels left

rFire    . . .     SeeInvis .   a - +0 quarterstaff
rCold    . . .     Faith    .   (shield currently unavailable)
rNeg     + . .     Spirit   .   g - +0 chain mail
rPois    ∞         Reflect  .   c - +0 helmet
rElec    +         Harm     .   (no cloak)
rCorr    .         Rampage  .   (no gloves)
Will     .....                  (no boots)
Stlth    ..........             (no amulet)
HPRegen  0.10/turn              (no ring)
MPRegen  0.09/turn              (no ring)

@: no status effects
A: negative energy resistance 1, electricity resistance, unbreathing,
petrification resistance, miasma immunity, AC +4
a: no special abilities


You were on level 3 of the Dungeon.
You visited 1 branch of the dungeon, and saw 3 of its levels.

You collected 142 gold pieces.

Inventory:

Hand Weapons
 a - a +0 quarterstaff (weapon)
Missiles
 d - 3 throwing nets (quivered)
Armour
 b - a +0 leather armour
 c - a +0 helmet (worn)
 g - a +0 chain mail (worn)
Jewellery
 o - an uncursed ring of stealth {unknown}
Scrolls
 e - a scroll of immolation {unknown}
 f - a scroll of remove curse {unknown}
 h - a scroll of magic mapping {unknown}
 i - a scroll of teleportation {unknown}
 j - a scroll of noise {unknown}
 l - a scroll of identify {unknown}
 n - a scroll of enchant armour {unknown}
 p - a scroll of fog {unknown}
Potions
 k - a potion of brilliance {unknown}
 m - 3 potions of flight
 q - a potion of curing {unknown}


   Skills:
 + Level 3.3 Fighting
 * Level 4.4 Staves
 - Level 1.7 Throwing
 + Level 2.3 Armour
 + Level 3.1 Dodging


You had 4 spell levels left.
You didn't know any spells.
Your spell library was empty.

Dungeon Overview and Level Annotations

Branches:
Dungeon (3/15)

Altars:


Innate Abilities, Weirdness & Mutations

You are resistant to torment.
Your stone body is resilient. (AC +4)
You are immune to poison.
You resist negative energy. (rN+)
You are resistant to electric shocks. (rElec)
You can survive without breathing.
You are immune to petrification.
You are immune to miasma.


Message History

You hit the orc.
The orc is heavily wounded.
The orc barely misses you.
You hit the orc.
You kill the orc!
Items here: ( )) ÷.
You barely miss the orc warrior.
The orc warrior hits you but does no damage.
The orc priest hits you but does no damage.
You hit the orc warrior but do no damage.
The orc warrior hits you with a +0 dire flail!
The orc priest mumbles some strange prayers to Beogh against you.
You barely resist. You hit the orc warrior.
The orc warrior is lightly wounded.
The orc priest invokes the aid of Beogh against you.
Beogh smites you!
* * * LOW HITPOINT WARNING * * *
The orc warrior hits you with a +0 dire flail!
You die...

#....>...##.#######..## ##.
######................###..# #..
...(.#.......####(###......####..
.....#.......# #..######..†.....
.....#.......# ##..## ##....#..
.............######..########....
.....##...##....####..##.......#.
.....##....####..####.##..o....#.
######.....## ##@o# #.##.......##
##..##..# ##o###..#.......#
###..###..# #o.###....#.####
.......#..# ####..#).####.#
.......#..###.....)).......#
#...>...†#†.#.(######..###..#
.....###....#.## ##....... .
###....# ###..... #.........#
###.


You could see an orc warrior, an orc priest and an orc.

Vanquished Creatures
  2 orc priests (D:3)
  An orc wizard (D:3)
  3 adders (D:2)
  3 oozes (D:1)
  A worm (D:2)
  3 leopard geckos
  3 orcs
  11 bats
  A giant cockroach (D:2)
  6 goblins
  3 hobgoblins
  3 jackals (D:2)
  4 kobolds
  A quokka (D:2)
  7 frilled lizards
  6 rats
58 creatures vanquished.

Notes
Turn   | Place    | Note
-------+----------+-------------------------------------------
     0 | D:1      | phalm the Gargoyle Gladiator began the quest for the Orb.
     0 | D:1      | Reached XP level 1. HP: 12/12 MP: 1/1
   123 | D:1      | Reached XP level 2. HP: 11/18 MP: 2/2
   636 | D:1      | Reached skill level 1 in Armour
   636 | D:1      | Reached XP level 3. HP: 22/22 MP: 3/3
  1298 | D:2      | Reached XP level 4. HP: 21/27 MP: 4/4
  1711 | D:2      | Reached skill level 4 in Staves
  1809 | D:3      | Reached XP level 5. HP: 21/32 MP: 5/5
  2158 | D:3      | Noticed an orc warrior
  2185 | D:3      | Slain by an orc warrior

Illustrated notes

Levels and vault maps discovered:
D:1:      dpeg_chamrin_arrival_tetris, layout_basic
D:2:      layout_loops_ring
D:3:      layout_rooms, elyvilon_altar_3

Skill      XL: |  1  2  3  4 |
---------------+-------------+-----
Armour         | 1 2 |  2.3
Fighting       | 3 |  3.3
Staves         | 4 |  4.4
Dodging        | 3 |  3.1
Throwing       | |  1.7

Action                   |  1- 3 |  4- 6 || total
-------------------------+-------+-------++-------
Melee: Quarterstaff      |   106 |    77 ||   183
  Use: Potion            |       |     1 ||     1
Armor: Leather armour    |     4 |       ||     4
       Chain mail        |    65 |    62 ||   127
Dodge: Dodged            |    53 |    44 ||    97
